Map: King's Cove LE

Players

Neeb - Winner!

  • Race: Protoss Protoss
  • League: Master
  • Spawn Location: 5:00

Cham

  • Race: Zerg Zerg
  • League: Master
  • Spawn Location: 11:00

Event: 2019 WCS Winter Americas

VOD

Have the link to the VOD?

Description

Time

  • Played on: March 24, 2019, 12:07 p.m.
  • Length: 8:33

All games in this series

Show
View Real Time Build Order
Export as new Build Order

Neeb Protoss - Winner!

Build Orders: 1 Gate Expand, Oracle Opening, Phoenix Opening, Mass Phoenix 

Get SALT Encoding   

  12  0:00  Probe  
  13  0:12  Probe  
  14  0:18  Pylon  
  14  0:24  Probe  
  15  0:33  Probe  
  15  0:39  Gateway  
  15  0:41  Probe  
  16  0:48  Assimilator  
  17  0:51  Probe  
  18  1:03  Probe  
  19  1:15  Probe  
  20  1:26  Nexus  
  20  1:35  Cybernetics Core  
  20  1:37  Probe  
  21  1:45  Assimilator  
  21  1:49  Probe  
  21  1:53  Pylon  
  22  2:00  Probe  
  22  2:02  Adept  
  22  2:08  Probe  
  26  2:16  Probe  
  26  2:22  Stargate  
  27  2:24  Adept  
  27  2:28  Probe  
  30  2:38  Warp Gate, Probe  
  30  2:40  Probe  
  32  2:50  Probe  
  33  2:52  Probe, Adept  
  36  2:59  Assimilator  
  36  3:00  Phoenix  
  36  3:02  Assimilator, Probe  
  37  3:11  Probe  
  40  3:14  Probe  
  41  3:23  Probe  
  42  3:27  Pylon  
  42  3:29  Probe  
  42  3:30  Oracle  
  46  3:40  Gateway  
  46  3:45  Probe x2  
  46  3:47  Pylon  
  48  3:56  Stargate  
  48  3:57  Probe x2  
  48  3:58  Phoenix  
  54  4:10  Probe x2  
  54  4:17  Pylon  
  54  4:22  Probe x2  
  54  4:23  Phoenix  
  56  4:34  Probe x2  
  56  4:35  Phoenix  
  58  4:46  Adept x2  
  58  4:48  Phoenix  
  58  4:52  Pylon  
  64  5:00  Phoenix  
  64  5:07  Pylon  
  66  5:09  Sentry  
  66  5:10  Stalker  
  66  5:12  Robotics Facility  
  70  5:14  Gateway  
  70  5:17  Shield Battery  
  70  5:24  Probe x2  
  72  5:35  Sentry, Adept  
  76  5:39  Phoenix, Shield Battery  
  76  5:40  Phoenix, Shield Battery  
  76  5:52  Shield Battery  
  76  5:53  Shield Battery  
  76  5:54  Zealot  
  78  6:02  Zealot  
  69  6:14  Zealot, Sentry, Oracle  
  70  6:19  Oracle  
  70  6:23  Pylon  
  62  6:33  Sentry  
  62  6:34  Probe  
  62  6:39  Probe  
  64  6:42  Zealot x2  
  64  6:46  Probe  
  67  6:51  Probe  
  62  7:02  Probe  
  62  7:04  Sentry  
  62  7:05  Zealot x2  
  62  7:07  Probe  
  67  7:14  Probe  
  68  7:19  Probe  
  69  7:26  Probe  
  68  7:30  Zealot x3  
  66  7:49  Adept x2  
  66  7:50  Adept  
  65  7:55  Probe x2  
  63  8:03  Zealot x2  
  67  8:07  Probe x2  
  67  8:10  Zealot  
Show
View Real Time Build Order
Export as new Build Order

Cham Zerg 

Build Orders: Hatch First 

Get SALT Encoding   

  12  0:01  Drone  
  13  0:09  Drone  
  14  0:18  Overlord  
  14  0:36  Drone x2  
  16  0:49  Hatchery  
  15  0:52  Drone  
  16  0:57  Drone  
  16  1:01  Drone  
  18  1:12  Extractor  
  18  1:15  Spawning Pool  
  16  1:20  Drone  
  16  1:24  Drone  
  18  1:31  Drone  
  19  1:45  Drone  
  20  1:56  Overlord  
  20  2:02  Queen x2  
  20  2:03  Zergling x2  
  20  2:06  Zergling x2  
  26  2:13  Drone x2  
  29  2:22  Drone  
  29  2:26  Drone  
  29  2:29  Metabolic Boost  
  30  2:41  Hatchery  
  29  2:48  Drone x2  
  31  2:53  Queen  
  33  2:58  Overlord  
  33  3:04  Zergling x4  
  35  3:07  Drone  
  36  3:15  Overlord  
  36  3:17  Drone x2  
  36  3:19  Drone  
  39  3:21  Drone  
  39  3:27  Evolution Chamber, Drone  
  40  3:33  Drone x2  
  43  3:34  Drone  
  43  3:38  Drone  
  43  3:40  Drone  
  45  3:45  Lair  
  45  3:49  Spore Crawler  
  45  3:52  Zerg Melee Weapons Level 1  
  45  3:55  Drone  
  45  3:56  Drone  
  45  4:01  Overlord  
  46  4:05  Overlord  
  46  4:09  Overlord  
  46  4:12  Queen  
  48  4:25  Drone x2  
  48  4:37  Drone  
  49  4:39  Queen  
  49  4:42  Zergling x2  
  49  4:43  Zergling x2  
  49  4:44  Nydus Network, Zergling x2  
  49  4:45  Zergling x4  
  54  4:46  Zergling x2  
  54  4:48  Zergling x2  
  54  4:50  Zergling x2  
  56  4:53  Overlord  
  56  4:56  Queen  
  56  4:58  Zergling x2  
  58  5:09  Zergling x14  
  58  5:12  Overseer  
  65  5:17  Overlord  
  65  5:23  Nydus Canal  
  65  5:26  Zergling x2  
  66  5:32  Overlord x2  
  60  5:43  Nydus Canal  
  60  5:45  Zergling x8  
  60  5:46  Zergling x8  
  66  5:50  Zergling x2  
  66  5:54  Zergling x2  
  69  5:57  Zergling x4  
  69  6:02  Zergling x4, Nydus Canal  
  69  6:03  Zergling x4  
  71  6:05  Zergling x4  
  71  6:08  Zergling x4  
  63  6:12  Zergling x2  
  63  6:17  Zergling x2  
  63  6:18  Zergling x2  
  59  6:21  Queen x2  
  59  6:24  Zergling x2  
  58  6:29  Zergling x2  
  58  6:30  Zergling x2  
  58  6:31  Zergling x4  
  52  6:34  Zergling x4  
  51  6:42  Zergling x2  
  51  6:45  Zergling x2  
  51  6:46  Zergling x2  
  47  6:49  Queen  
  47  6:51  Zergling x2  
  50  6:57  Queen, Zergling x2  
  50  6:58  Zergling x2  
  50  7:00  Zergling x2  
  51  7:08  Zergling x4  
  51  7:11  Queen  
  51  7:12  Zergling x2  
  51  7:17  Zergling x4  
  51  7:19  Nydus Canal  
  53  7:26  Overlord x2  
  53  7:29  Overlord  
  40  7:43  Overlord x3  
  37  7:47  Queen, Zergling x2  
  37  7:48  Zergling x2  
  36  7:54  Overlord  
  33  8:03  Zergling x8  
  34  8:06  Zergling x2  
  34  8:08  Zergling x2  
  34  8:11  Zergling x2  
Tags
 
Add a new tag
Caveats
  • Supply blocks, unpowered buildings, or Contaminate may cause inaccurate times.
  • Supply counts are checked every 10 seconds.